Map: Bridgehead LE (Void)

Players

SticklerMac

  • Race: Terran Terran
  • League: Bronze

oThomaz - Winner!

  • Race: Protoss Protoss
  • League: Bronze

VOD

Have the link to the VOD?

Description

Time

  • Played on: July 28, 2015, 8:31 p.m.
  • Length: 6:14
Show
View Real Time Build Order
Export as new Build Order

SticklerMac Terran 

Build Orders:  

Get SALT Encoding   

  12  0:00  SCV  
  13  0:13  SCV  
  14  0:18  Supply Depot  
  14  0:20  Supply Depot  
  14  0:25  SCV  
  15  0:42  SCV, Barracks  
  16  0:52  Supply Depot  
  16  0:58  SCV  
  17  1:05  Refinery  
  17  1:10  SCV  
  18  1:22  SCV  
  19  1:31  Marine  
  20  1:34  SCV  
  21  1:46  SCV  
  22  2:02  Refinery  
  22  2:05  Barracks  
  22  2:06  Barracks  
  22  2:19  Supply Depot  
  22  2:20  Marine  
  23  2:26  Barracks  
  23  2:27  SCV  
  24  2:39  SCV  
  25  2:50  Marine  
  26  2:52  SCV, Marine  
  26  2:54  Marine  
  29  3:02  Barracks  
  29  3:13  Marine  
  29  3:14  Marine  
  29  3:15  Barracks  
  29  3:16  Marine  
  29  3:19  Marine  
  33  3:32  Marine  
  33  3:33  Marine  
  35  3:34  Marine  
  35  3:37  Marine  
  37  3:45  Engineering Bay  
  37  3:52  Engineering Bay  
  37  4:01  Factory  
  37  4:07  Barracks Tech Lab  
  37  4:12  Barracks Reactor  
  37  4:20  Marine x2  
  39  4:39  Orbital Command  
  39  4:56  Starport  
  39  5:22  Barracks Reactor x2  
  39  5:23  Barracks Reactor  
  39  5:27  Supply Depot  
  39  5:28  Supply Depot  
  39  5:32  Starport Reactor  
  39  5:37  SCV  
  28  5:54  Marine x4  
Show
View Real Time Build Order
Export as new Build Order

oThomaz Protoss - Winner!

Build Orders:  

Get SALT Encoding   

  12  0:01  Probe  
  13  0:15  Probe  
  13  0:19  Pylon  
  14  0:37  Probe (Chrono Boost)  
  15  0:44  Forge  
  15  0:48  Probe (Chrono Boost)  
  16  1:11  Pylon  
  16  1:13  Probe  
  17  1:21  Pylon  
  16  1:27  Probe (Chrono Boost)  
  17  1:53  Assimilator  
  17  1:58  Gateway  
  17  2:02  Probe (Chrono Boost)  
  17  2:03  Gateway  
  18  2:08  Assimilator  
  18  2:13  Probe (Chrono Boost)  
  18  2:15  Pylon  
  19  2:22  Probe (Chrono Boost)  
  20  2:33  Probe  
  21  2:40  Gateway  
  21  2:43  Gateway  
  21  2:48  Zealot (Chrono Boost)  
  23  2:55  Cybernetics Core  
  25  3:09  Zealot (Chrono Boost)  
  25  3:16  Zealot (Chrono Boost)  
  27  3:32  Sentry  
  27  3:33  Warp Gate (Chrono Boost)  
  29  3:37  Pylon  
  29  3:50  Pylon  
  29  3:55  Stalker  
  31  3:58  Sentry  
  33  4:05  Pylon  
  33  4:06  Mothership Core  
  33  4:08  Zealot x2  
  39  4:24  Pylon  
  39  4:34  Stalker  
  39  4:35  Stalker  
  43  4:48  Pylon  
  43  4:59  Pylon  
  43  5:19  Stalker  
  43  5:20  Stalker x3  
  51  5:43  Stalker  
  51  5:44  Stalker  
  51  5:46  Zealot  
  51  5:47  Zealot  
  57  5:51  Pylon  
Tags
 
Add a new tag
Caveats
  • Supply blocks, unpowered buildings, or Contaminate may cause inaccurate times.
  • Supply counts are checked every 10 seconds.